 Dungeon Crawl Stone Soup version 0.20-b1-2-gc5a9893 (webtiles) character file.

13 Goblin1989 the Sneak (level 2, -6/14 HPs)
             Began as a Spriggan Assassin on May 22, 2017.
             Killed by divine providence
             ... invoked by an orc priest
              (14 damage)
             ... on level 4 of the Dungeon.
             The game lasted 00:03:34 (704 turns).

Goblin1989 the Sneak (Spriggan Assassin)             Turns: 704, Time: 00:03:35

Health: -6/14      AC:  3    Str:  7    XL:     2   Next: 24%
Magic:  3/3        EV: 17    Int: 12    God:
Gold:   37         SH:  0    Dex: 17    Spells: 1/1 levels left

rFire    . . .     SeeInvis +   a - +2 dagger
rCold    . . .     Gourm    .   (shield restricted)
rNeg     . . .     Faith    .   c - +0 robe
rPois    .         Spirit   .   (helmet restricted)
rElec    .         Reflect  .   d - +0 cloak
rCorr    .         Harm     .   (gloves unavailable)
MR       .....                  (boots unavailable)
Stlth    ++++......             (no amulet)
Regen    0.1/turn               (no ring)
MPRegen  0.1/turn               (no ring)

@: very quick
A: unfitting armour, see invisible, herbivore 3, speed 3, slow metabolism 2
a: no special abilities


You were on level 4 of the Dungeon.
You were not hungry.

You visited 1 branch of the dungeon, and saw 4 of its levels.

You collected 37 gold pieces.

Inventory:

Hand Weapons
 a - a +2 dagger (weapon)
 h - a +0 dagger
 k - a +0 spear
 l - a cursed -3 dagger
 n - a +0 dagger
 o - a +0 club
 r - a +0 dagger
 s - a +0 dagger
 w - a +0 blowgun {@w1}
Missiles
 f - 2 curare-tipped needles
 g - 8 poisoned needles
 m - 5 stones (quivered)
 p - 7 arrows
 q - 32 bolts
Armour
 c - a +0 robe (worn)
 d - a +0 cloak (worn)
Scrolls
 b - 2 scrolls of enchant armour {unknown}
 t - a scroll of amnesia {unknown}
Potions
 i - a potion of lignification {unknown}
Comestibles
 e - a bread ration {@e1}
 j - a meat ration {@e2}


   Skills:
 - Level 1.5 Fighting
 - Level 2.1 Short Blades
 - Level 2.0 Throwing
 - Level 1.5 Dodging
 + Level 6.8 Stealth


You had one spell level left.
You didn't know any spells.

Dungeon Overview and Level Annotations

Branches:
Dungeon (4/15)
 Temple: D:4-7

Altars:
Ru

Annotations:
D:2 Natasha
D:4 Grinder


Innate Abilities, Weirdness & Mutations

You are very small and have problems with some larger weapons.
You are too small for most types of armour.
You have supernaturally acute eyesight. (SInv)
You are a herbivore.
You cover ground extremely quickly.
You need consume almost no food.


Message History

Really walk into that teleport trap? [Y]es or [N]o only, please.
Really walk into that teleport trap?
You enter a teleport trap!
The teleport trap disappears.
Your surroundings suddenly seem different.
A hobgoblin comes into view. It is wielding a club.
Found a sacrificial altar of Ru.
The hobgoblin shouts!
You see here 32 bolts.
You see here 32 bolts.
q - 32 bolts The hobgoblin hits you with a club.
You take 1 damage, and have 13/14 hp.
A bat comes into view.
The bat completely misses you. The bat misses you.
Marking area around Natasha as unsafe for travelling.
Natasha, Servant of Life and Death comes into view.
The bat misses you. The bat misses you. The bat misses you.
The bat hits you but does no damage. The bat closely misses you.
The bat completely misses you. The bat hits you.
You take 1 damage, and have 12/14 hp.
The bat barely misses you. The bat misses you.
The bat hits you but does no damage. The bat misses you.
The bat closely misses you. The bat barely misses you.
The bat barely misses you. The bat barely misses you.
Found a stone staircase leading down.
The bat hits you.
You take 1 damage, and have 11/14 hp.
The bat misses you. The bat completely misses you.
The bat hits you but does no damage. The bat completely misses you.
The bat closely misses you.
You see here a dagger.
r - a dagger The bat completely misses you.
The bat hits you but does no damage.
Really walk into a travel-excluded area?
Natasha hisses angrily.
The bat misses you. Natasha casts a spell at you. You resist with some effort.
There is a stone staircase leading down here.
The bat closely misses you.
You climb downwards.
A frilled lizard, a rat and a giant cockroach come into view.
There is a stone staircase leading up here.
You see here a dagger.
s - a dagger An orc comes into view. It is wielding a mace.
You see here a scroll labeled UNWIC AKASEIFI.
t - a scroll labeled UNWIC AKASEIFI The orc shouts!
You now have 37 gold pieces (gained 18).
There are no items here.
An orc comes into view. It is wielding a hand axe.
An orc comes into view. It is wielding a falchion.
Found a stone staircase leading down.
An adder comes into view.
Found a stone staircase leading up. 2 orcs come into view.
Found a stone staircase leading up and a stone staircase leading down.
There is a stone staircase leading down here.
You climb downwards.
An orc comes into view. It is wielding a hand axe.
There is a stone staircase leading up here.
A leopard gecko comes into view.
The leopard gecko hisses angrily.
A phantom comes into view.
The leopard gecko closely misses you.
Marking area around Grinder as unsafe for travelling.
Grinder comes into view.
Grinder shouts!
You hear a shout!
The leopard gecko bites you.
You take 2 damage, and have 11/14 hp.
You barely miss the leopard gecko. The leopard gecko bites you.
You take 3 damage, and have 8/14 hp.
MASSIVE DAMAGE!!
The leopard gecko misses you. The leopard gecko misses you.
An orc wizard comes into view. It is wielding a dagger.
The orc wizard moves out of view.
Grinder blinks!
The orc shouts!
An orc priest comes into view. It is wielding a falchion.
An orc priest comes into view.
The orc wizard shouts!
The orc priest shouts!
The orc priest mumbles some strange prayers to Beogh against you.
Beogh smites you!
Ouch! That really hurt!
You die...

█....█.█ █.....█
█......█ █.....█
█....<.█
█.$...███......█
█.....██....████
█..o..██....█
█..o.o██....█
█.....██....█
█.o@......█
█.███.....█ █.█
█.....█
█.███..$.██
██W.......█ █
█.....█...█ .███.
█.....█...██.....
█.......§........
█..........██


You could see 2 orc priests, an orc wizard and an orc.

Vanquished Creatures
  3 bats (D:1)
  A hobgoblin (D:1)
  4 jackals (D:1)
  A kobold (D:1)
  A frilled lizard (D:1)
10 creatures vanquished.

Vanquished Creatures (others)
  5 toadstools (D:1)
5 creatures vanquished.

Grand Total: 15 creatures vanquished

Notes
Turn   | Place    | Note
-------+----------+-------------------------------------------
     0 | D:1      | Goblin1989 the Spriggan Assassin began the quest for the Orb.
     0 | D:1      | Reached XP level 1. HP: 10/10 MP: 2/2
    33 | D:1      | Reached skill level 6 in Stealth
   176 | D:1      | Reached XP level 2. HP: 14/14 MP: 3/3
   582 | D:2      | Found a sacrificial altar of Ru.
   600 | D:2      | Noticed Natasha
   671 | D:4      | Noticed a phantom
   672 | D:4      | Noticed Grinder
   704 | D:4      | Killed from afar by an orc priest

Skill      XL: |  1 |
---------------+----+-----
Stealth        | 6 |  6.8
Fighting       | |  1.5
Short Blades   | |  2.1
Throwing       | |  2.0
Dodging        | |  1.5

Action                   || total
-------------------------++-------
Melee: Dagger            ||    44
 Stab: Sleeping          ||     2
Armor: Robe              ||    14
Dodge: Dodged            ||    71

Vault maps used:
D:1:      ldierk_walled_garden
D:2:      nicolae_overflow_crystal_walls, ashenzari_conservatory_becter,
          first_bread, serial_park_tiny_pond, uniq_natasha
D:3:      minmay_door_square
D:4:      grunt_tough_drop, uniq_grinder
